 Dungeon Crawl Stone Soup version 0.24-a0-378-g94936e539c (webtiles) character file.

Game seed: 3811093834126026507

682 Mithandil the Chopper (level 7, -8/61 HPs)
             Began as a Hill Orc Berserker on June 2, 2019.
             Was a Priest of Trog.
             Mangled by a centaur warrior
             ... wielding a cursed -1 shortbow
              (11 damage)
             ... on level 8 of the Dungeon.
             The game lasted 00:22:23 (2887 turns).

Mithandil the Chopper (Hill Orc Berserker)          Turns: 2887, Time: 00:22:24

Health: -8/61      AC: 10    Str: 22    XL:     7   Next: 61%
Magic:  7/7        EV:  8    Int:  7    God:    Trog [***...]
Gold:   187        SH:  0    Dex: 10    Spells: 6/6 levels left

rFire    . . .     SeeInvis .   a - +0 war axe
rCold    . . .     Gourm    .   (no shield)
rNeg     . . .     Faith    .   f - +0 chain mail
rPois    .         Spirit   .   (no helmet)
rElec    .         Reflect  .   (no cloak)
rCorr    .         Harm     .   p - +0 pair of gloves
MR       .....                  (no boots)
Stlth    ..........             i - amulet of regeneration
HPRegen  0.60/turn              (no ring)
MPRegen  0.10/turn              (no ring)

@: silence (expiring)
A: no striking features
a: Renounce Religion


You were on level 8 of the Dungeon.
You worshipped Trog.
Trog was most pleased with you.
You were hungry.

You visited 1 branch of the dungeon, and saw 7 of its levels.

You collected 187 gold pieces.

Inventory:

Hand Weapons
 a - a +0 war axe (weapon)
 b - a +0 spear
Missiles
 d - 13 boomerangs (quivered)
 m - 148 stones
Armour
 f - a +0 chain mail (worn)
 l - a +3 scale mail of cold resistance
 p - a +0 pair of gloves (worn)
Jewellery
 i - an amulet of regeneration (around neck)
Scrolls
 h - 3 scrolls of remove curse
 j - 4 scrolls of teleportation
 s - a scroll of torment {unknown}
Potions
 e - a potion of agility {unknown}
 k - a potion of resistance {unknown}
 n - 2 potions of brilliance {unknown}
 q - a potion of flight {unknown}
 r - 3 potions of mutation {unknown}
Comestibles
 c - 8 rations
 o - 11 chunks of flesh


   Skills:
 + Level 5.6 Fighting
 * Level 7.9(8.4) Axes
 + Level 3.4(5.4) Polearms
 + Level 4.5 Armour
 - Level 1.5 Dodging


You had 6 spell levels left.
You didn't know any spells.
Your spell library was empty.

Dungeon Overview and Level Annotations

Branches:
Dungeon (8/15)
 Temple: D:4-7         Lair: D:8-11

Altars:
Fedhas
Uskayaw

Annotations:
D:8 1 transporter


Message History

You hit the necromancer but do no damage.
You barely miss the wyvern.
You hit the centaur warrior but do no damage.
You slash the yak! You closely miss the worker ant.
The centaur warrior hits you but does no damage.
The wyvern bites you but does no damage.
The worker ant barely misses you. The yak gores you but does no damage.
The centaur warrior hits you with a cursed -1 shortbow!
The wyvern bites you!
* * * LOW HITPOINT WARNING * * *
The necromancer hits you but does no damage.
The worker ant bites you.
* * * LOW HITPOINT WARNING * * *
Your chain mail prevents you from hitting the necromancer.
You closely miss the yak. You slash the worker ant! You barely miss the yak.
You hit the centaur warrior but do no damage.
You hit the wyvern. The wyvern bites you!
* * * LOW HITPOINT WARNING * * *
The centaur warrior hits you with a cursed -1 shortbow!
You die...

#.. ########### ..
##......... . ..
#..####### #. ..#
#.##..... .## #..
#.#8..#.#.. #
#..###.#..#...#$(#
##..#...#.Y.....$)#
##......©#hc@a...=©#
##........#.lpY...$=#
..........#.a#...#$!#
.#.......#8..#.#.. #
##......##..... .##
#...÷...####### #.
##.<............ .
#..##########.## ####


You could see a centaur warrior, a necromancer, 2 yaks, a soldier ant, a wyvern,
a hound and a worker ant.

Vanquished Creatures
  A black bear (D:7)
  2 ogres (D:4)
  2 killer bees
  A hound (D:4)
  3 centaur skeletons (D:4)
  2 worker ants (D:4)
  An orc wizard (D:3)
  7 adders
  An ooze (D:1)
  A worm (D:2)
  3 leopard geckos
  11 orcs
  A ball python (D:1)
  3 giant cockroaches
  A goblin (D:1)
  11 hobgoblins
  10 jackals
  A quokka (D:4)
  9 bats
  A frilled lizard (D:1)
  3 kobolds
  4 rats
79 creatures vanquished.

Notes
Turn   | Place    | Note
-------+----------+-------------------------------------------
     0 | D:1      | Mithandil the Hill Orc Berserker began the quest for the
                  | Orb.
     0 | D:1      | Reached XP level 1. HP: 19/19 MP: 1/1
   126 | D:1      | Reached XP level 2. HP: 19/27 MP: 2/2
   652 | D:2      | Reached XP level 3. HP: 30/33 MP: 3/3
   671 | D:2      | Reached skill level 5 in Axes
   710 | D:2      | Reached ** piety under Trog
   787 | D:3      | Reached XP level 4. HP: 40/40 MP: 4/4
   847 | D:4      | Reached skill level 1 in Polearms
  1010 | D:2      | Found a hide-covered altar of Uskayaw.
  1010 | D:2      | Noticed a +0 dagger
  1010 | D:2      | Noticed a +0 dagger
  1244 | D:2      | Reached XP level 5. HP: 47/47 MP: 5/5
  1915 | D:5      | Entered Level 5 of the Dungeon
  1915 | D:5      | Noticed an ogre
  1927 | D:4      | Killed an ogre
  1927 | D:4      | Reached skill level 6 in Axes
  1927 | D:4      | Reached XP level 6. HP: 20/55 MP: 6/6
  2226 | D:3      | Found a blossoming altar of Fedhas.
  2309 | D:4      | Reached *** piety under Trog
  2505 | D:4      | Reached skill level 5 in Fighting
  2591 | D:4      | Reached skill level 7 in Axes
  2674 | D:4      | Reached XP level 7. HP: 37/61 MP: 7/7
  2756 | D:4      | You fall into a shaft and drop 3 floors!
  2873 | D:8      | Found a transporter.
  2873 | D:8      | Noticed a soldier ant
  2873 | D:8      | Noticed a necromancer
  2873 | D:8      | Noticed a wyvern
  2875 | D:8      | Noticed a yak
  2875 | D:8      | Noticed a centaur warrior
  2883 | D:8      | Noticed a yak
  2883 | D:8      | Found a transporter.
  2887 | D:8      | HP: 3/61 [wyvern (13)]
  2887 | D:8      | Mangled by a centaur warrior

Levels and vault maps discovered:
D:1:      minmay_arrival_semitransparent, layout_basic, minmay_strange_pillars,
          st_stairs_2
D:2:      layout_loops_corners, dancing_weapons_uskayaw, first_ration
D:3:      layout_loops_corners, fedhas_altar_4
D:4:      minmay_angry_zag, layout_basic, makhleb_blood_cavern_becter,
          minmay_box_of_dots
D:5:      layout_cave_pools, nemelex_xobeh_ov_fountains_minmay,
          lemuel_doored_altar, lemuel_zombie_altar_yredelemnul,
          nicolae_qazlal_style_of_elements, serial_shops, shop,
          gammafunk_ghost_grave, minmay_misc_feat_cross, hex_medium
D:7:      layout_basic, nicolae_overflow_crystal_walls, the_bakery
D:8:      gammafunk_sealed_arena, layout_cave_pods, lemuel_round_altar

Skill      XL: |  1  2  3  4  5  6 |
---------------+-------------------+-----
Fighting       | 4 5 |  5.6
Axes           | 5 6 7 |  7.9
Polearms       | 1 2 3 |  3.4
Armour         | 3 4 |  4.5
Dodging        | |  1.5

Action                   |  1- 3 |  4- 6 |  7- 9 || total
-------------------------+-------+-------+-------++-------
Melee: Hand axe          |    72 |   148 |       ||   220
       Spear             |    30 |       |       ||    30
       War axe           |       |    35 |    41 ||    76
Throw: Boomerang         |     1 |       |       ||     1
Invok: Trog's Hand       |       |       |     2 ||     2
  Use: Scroll            |     2 |     9 |     1 ||    12
       Potion            |       |       |     3 ||     3
  Eat: Chunk             |       |     6 |     1 ||     7
Armor: Animal skin       |    16 |       |       ||    16
       Scale mail        |    55 |    32 |       ||    87
       Chain mail        |       |    57 |    69 ||   126
Dodge: Dodged            |    44 |    82 |    47 ||   173

Table legend:
 A = Non-vault XP
 B = Vault XP
 C = Vault XP percentage of total XP
 D = Non-vault monster count
 E = Vault monster count
 F = Vault count percentage of total count
                 A         B        C        D         E       F
            +---------+---------+-------+---------+---------+-------
      Total |     925 |      50 |   5.1 |      74 |       5 |   6.3
            +---------+---------+-------+---------+---------+-------
        D:1 |      25 |       4 |  13.8 |      13 |       2 |  13.3
        D:2 |      89 |       0 |   0.0 |      16 |       0 |   0.0
        D:3 |      89 |       0 |   0.0 |      22 |       0 |   0.0
        D:4 |     455 |      46 |   9.2 |      17 |       3 |  15.0
        D:7 |     190 |       0 |   0.0 |       3 |       0 |   0.0
        D:8 |      77 |       0 |   0.0 |       3 |       0 |   0.0
            +---------+---------+-------+---------+---------+-------
